 Dungeon Crawl Stone Soup version 0.31-a0-632-g766dd24fdf (webtiles) character file.

Game seed: 16768299094930495548

584921 Twinkles the Conqueror (level 26, -34/266 HPs)
             Began as a Minotaur Berserker on Aug 23, 2023.
             Was a High Priest of Trog.
             Killed from afar by an ancient lich (122 damage)
             ... with a crystal spear
             ... on level 5 of the Realm of Zot on Aug 25, 2023.
             The game lasted 02:26:29 (60423 turns).

Twinkles the Conqueror (Minotaur Berserker)        Turns: 60423, Time: 02:26:30

Health: -34/266    AC: 44    Str: 36    XL:     26   Next: 4%
Magic:  13/13      EV: 22    Int:  6    God:    Trog [*****.]
Gold:   6245       SH:  0    Dex: 25    Spells: 25/25 levels left

rFire   + + +        a - +9 executioner's axe (heavy)
rCold   + + .        (shield currently unavailable)
rNeg    . . .        r - +12 gold dragon scales
rPois   +            L - +2 hat
rElec   +            t - scarf {rC+ rF+}
rCorr   +            c - +2 pair of gloves {Stlth+}
SInv    +            u - +2 pair of boots
Will    ++++.        B - amulet "Hosowyedd" {Will+ Regen+} Stlth
                     j - ring of Qesoes {rElec MP-9 Str+6 Dex+5}
HPRegen 2.44/turn    X - ring "Opewesuz" {Drain rF+ rCorr Dex+8 SInv}
MPRegen 0.13/turn

%: no passive effects
@: mighty, strong-willed (expiring), regenerating (expiring), studying 2 skills
A: horns 2, retaliatory headbutt, MP-powered wands
}: 3/15 runes: barnacled, silver, gossamer
a: Renounce Religion, Berserk, Trog's Hand, Brothers in Arms


You were on level 5 of the Realm of Zot.
You worshipped Trog.
Trog was extremely pleased with you.
You visited 10 branches of the dungeon, and saw 48 of its levels.
You also visited: Sewer.

You collected 8504 gold pieces.
You spent 2259 gold pieces at shops.

Inventory:

Hand Weapons
 a - a +9 heavy executioner's axe (weapon)
 b - a +9 antimagic executioner's axe
Missiles
 h - 21 javelins
 k - 8 silver javelins (quivered)
 n - 6 throwing nets
 o - 4 curare-tipped darts
Armour
 c - a +2 pair of gloves of stealth (worn)
 r - +12 gold dragon scales (worn)
 t - a scarf of resistance (worn)
 u - a +2 pair of boots (worn)
 L - a +2 hat (worn)
Jewellery
 g - an amulet of reflection
 j - the ring of Qesoes (left hand) {rElec MP-9 Str+6 Dex+5}
   (You took it off a centaur warrior on level 14 of the Dungeon)

   [ring of strength]

   Str+6:     It affects your strength (+6).
   Dex+5:     It affects your dexterity (+5).
   rElec:     It insulates you from electricity.
   MP-9:      It affects your magic capacity (-9).
 w - the amulet "Xal Xuqi" {Faith rF+ Will+ rCorr Str-5}
   (You acquired it on level 4 of the Vaults)

   [amulet of faith]

   Faith:     It allows you to gain divine favour quickly.
   Str-5:     It affects your strength (-5).
   rF+:       It protects you from fire.
   Will+:     It increases your willpower.
   rCorr:     It protects you from acid and corrosion.
 z - a ring of protection from cold
 B - the amulet "Hosowyedd" (around neck) {Will+ Regen+}
   (You found it on level 3 of the Depths)

   [amulet of regeneration]

   Will+:     It increases your willpower.
   Regen+:    It increases your rate of health regeneration.
 X - the ring "Opewesuz" (right hand) {Drain rF+ rCorr Dex+8 SInv}
   (You found it on level 3 of the Lair of Beasts)

   [ring of protection from fire]

   Dex+8:     It affects your dexterity (+8).
   rF+:       It protects you from fire.
   SInv:      It lets you see invisible.
   rCorr:     It protects you from acid and corrosion.
   Drain:     It drains your maximum health when unequipped.
Wands
 d - a wand of digging (5)
 i - a wand of iceblast (46)
 p - a wand of paralysis (48)
 q - a wand of flame (21)
 y - a wand of mindburst (33)
 W - a wand of light (38)
Scrolls
 e - a scroll of enchant weapon
 f - 5 scrolls of poison
 D - 9 scrolls of blinking
 E - 6 scrolls of fear
 F - 4 scrolls of fog
 K - 7 scrolls of immolation
 O - 5 scrolls of silence
 S - 4 scrolls of summoning
 V - 4 scrolls of vulnerability
 Y - 5 scrolls of teleportation
Potions
 s - 17 potions of enlightenment
 A - 9 potions of attraction
 C - 7 potions of cancellation
 G - 7 potions of ambrosia
 H - 10 potions of haste
 I - 4 potions of invisibility
 J - 21 potions of curing
 M - 4 potions of might
 N - 5 potions of heal wounds
 P - 3 potions of lignification
 Q - 4 potions of magic
 R - 7 potions of resistance
 T - a potion of berserk rage
 U - 5 potions of mutation
Miscellaneous
 l - a condenser vane
 m - a phantom mirror
 v - a lightning rod (4/4)
 Z - a sack of spiders


   Skills:
 O Level 27 Fighting
 - Level 24.0 Axes
 + Level 20.7 Throwing
 - Level 20.0 Armour
 - Level 20.0 Dodging
 - Level 12.0 Stealth
 - Level 20.0 Evocations


You had 25 spell levels left.
You didn't know any spells.
Your spell library was empty.

Dungeon Overview and Level Annotations

Branches:
Dungeon (15/15) Zot: 25417  Temple (0/1) D:5            Lair (5/5) D:11 Zot: 23670
 Shoals (4/4) Lair:3 Zot: 17477  Spider (4/4) Lair:2 Zot: 19308   Slime (0/5) Lair:4
    Orc (2/2) D:9 Zot: 10370     Elf (2/3) Orc:2 Zot: 9892  Vaults (5/5) D:13 Zot: 18642
  Crypt (2/3) Vaults:3 Zot: 10871  Depths (4/4) D:15 Zot: 16584     Zot (5/5) Depths:4 Zot: 24663
  Sewer (visited)

Altars:
Ashenzari
Dithmenos
Elyvilon
Makhleb
Nemelex Xobeh
Trog
Vehumet
Yredelemnul
The Shining One
Jiyva
Lugonu

Shops:
D:6 *   D:10 *   D:13 [   Orc:2 [*(   Vaults:1 !=(*   Depths:2 [!*

Portals:
Hell: Depths:1 Depths:2 Depths:3 Depths:4
Abyss: Lair:5 Depths:1 Depths:3
Pandemonium: Depths:1 Depths:2 Depths:4
Ziggurat: Depths:3
Trove: Depths:1 (give horn of Geryon)

Annotations:
D:3 2 exclusions
Lair:1 exclusion: 3 oklob plants
Lair:4 2 exclusions
Shoals:3 Ilsuiw
Elf:2 2 runed translucent doors
Crypt:2 Mennas
Depths:4 5 runed translucent doors
Zot:2 2 transporters, Goplog's ghost, master TeAE


Innate Abilities, Weirdness & Mutations

You have a pair of horns on your head.
You reflexively headbutt those who attack you in melee.
You expend magic power (3 MP) to strengthen your wands.


Message History

The orb of fire is moderately damaged.
Your deep troll rages.
You barely miss the orb of fire. Your headbutt misses the orb of fire.
The orb of fire is moderately damaged.
You miss the orb of fire. Your headbutt misses the orb of fire.
The orb of fire is moderately damaged.
You slice the orb of fire!! You headbutt the orb of fire!
The orb of fire is severely damaged.
Your deep troll rages. x2
An ancient lich comes into view.
You miss the orb of fire.
The orb of fire is severely damaged.
The orb of fire glows red.
The bolt of fire misses you.
The bolt of fire hits your deep troll!!!!
Your deep troll dies!
Your deep troll's corpse disappears in a puff of smoke!
You slice the orb of fire!! You headbutt the orb of fire!
The orb of fire is almost destroyed.
You feel the effects of Trog's Hand fading.
A red draconian scorcher comes into view.
It is wielding a +0 short sword.
The orb of fire glows bright magenta.
The fireball explodes!
The fireball engulfs you. You resist.
The fireball engulfs the orb of fire.
The orb of fire completely resists.
You slice the orb of fire like a ripe choko!!!
You destroy the orb of fire!
Trog accepts your kill.
You hear a shout!
The red draconian scorcher gestures at you while chanting.
The sphere of damnation explodes!
The damnation engulfs you!!
The damnation engulfs the ancient lich!
The ancient lich closely misses you.
Your deep troll goes berserk!
The ancient lich casts a spell at you. The crystal spear hits you!!!!
The ancient lich mumbles some strange words.
The ancient lich seems to speed up.
A tentacled monstrosity comes into view.
The ancient lich gestures at you while chanting.
The crystal spear hits you!!!!
You die...

##'####### # #######
#.################ # #######
#................# # #######
#####.#####.####.#### ####### #.#
#.# #..... ####### #.# #.# ######
############# #X# #.# #
#.......(.Xd#####T# #.# #
#.......(qXLdXL)@.# #.# #
#.........dD####### #.# #
#...........###########.# #
+...........+.......[...# #
#...........######.####.#########
#.......<...# #.# #.##.......
####'#############.####.......###
####.##.................##.#### #
#.##.##########.####.##.#


You could see 2 tentacled monstrosities, 2 ancient liches, a black draconian, a
yellow draconian, a green draconian, a quicksilver dragon, 2 Orb Guardians, a
red draconian scorcher and a friendly deep troll (summoned, berserk).

Vanquished Creatures
  A dread lich (Zot:5)
  Mara (Vaults:4)
  5 ancient liches
  4 orbs of fire
  A juggernaut (Depths:4)
  Sojobo (Depths:3)
  Boris (Vaults:4)
  Frederick (Depths:4)
  Margery (Vaults:3)
  Xtahua (Vaults:5)
  the Enchantress (Depths:4)
  10 golden dragons
  A bone dragon (Depths:4)
  A Brimstone Fiend (Depths:3)
  Jorgrun (D:15)
  An Ice Fiend (Depths:3)
  3 liches
  A shard shrike skeleton (Crypt:1)
  Rupert (Lair:3)
  8 Orb Guardians (Zot:5)
  14 tentacled monstrosities
  7 quicksilver dragons
  5 titans
  5 ancient champions
  7 sphinxes
  Polyphemus (Shoals:4)
  4 death cobs
  Frances (Elf:1)
  7 shadow dragons
  Kirke (Elf:1)
  Agnes (Elf:1)
  2 krakens
  5 tengu reavers
  Aizul (Elf:1)
  2 daevas (Depths:2)
  13 storm dragons
  A storm dragon (shapeshifter) (Vaults:5)
  13 draconian monks
  4 fire giants
  Donald (Shoals:3)
  5 emperor scorpions
  20 vault wardens
  3 deep elf sorcerers
  8 draconian knights
  2 balrugs
  7 frost giants
  An iron dragon (Depths:1)
  3 draconian scorchers
  An angel (Depths:2)
  7 draconian shifters
  A caustic shrike zombie (Depths:1)
  2 ghouls (Crypt:1)
  35 slime creatures
  5 ghost moths
  19 stone giants
  3 orc warlords
  7 draconian stormcallers
  3 spriggan defenders (Depths:4)
  7 broodmothers
  6 draconian annihilators (Zot:1)
  25 ironbound preservers
  A caustic shrike skeleton (Depths:1)
  A quicksilver ooze (shapeshifter) (Depths:4)
  A formless jellyfish (Vaults:3)
  5 war gargoyles
  7 ironbound thunderhulks
  8 very ugly things
  16 green draconians
  8 vampire knights
  12 dire elephants
  2 deep elf annihilators (Vaults:4)
  A deep elf demonologist (Elf:2)
  A spark wasp (Spider:3)
  15 black draconians
  15 purple draconians
  19 yellow draconians
  22 white draconians
  3 eidola
  17 red draconians
  15 ettins
  5 blizzard demons
  9 merfolk javelineers
  2 jiangshi (Crypt:1)
  13 merfolk impalers
  5 entropy weavers
  Josephine (D:15)
  2 crystal guardians (Vaults:4)
  16 yaktaur captains
  4 deep elf high priests
  27 vault guards
  9 fire dragons
  A quicksilver dragon skeleton (Crypt:1)
  A hell beast (Depths:1)
  A rakshasa (Depths:1)
  7 ice dragons
  13 boulder beetles
  2 peacekeepers
  2 catoblepae
  6 hydras
  6 great orbs of eyes
  2 ogre magi (Vaults:5)
  A jorogumo (Spider:4)
  5 ironbound frosthearts
  2 radroaches
  18 centaur warriors
  2 satyrs
  6 spriggan air magi
  4 merfolk avatars
  19 death yaks
  7 tengu warriors
  A two-headed ogre (D:9)
  5 merfolk aquamancers
  A two-headed ogre (shapeshifter) (Depths:3)
  An alligator snapping turtle (Shoals:4)
  4 deep troll shamans (Depths:4)
  8 deep troll earth magi
  3 orc high priests
  5 spriggan berserkers
  18 dancing weapons
  2 vampire magi
  3 thrashing horrors (Lair:5)
  4 demonic crawlers
  11 hell knights
  10 deep elf knights
  A soul eater (Depths:1)
  15 skeletal warriors
  6 skysharks
  6 iron trolls
  87 deep trolls
  A shadow wraith (Crypt:1)
  9 pharaoh ants
  A death drake (shapeshifter) (Vaults:4)
  11 orb spiders
  A cherub (Depths:2)
  5 glowing orange brains
  17 sea snakes
  A glowing orange brain (shapeshifter) (Lair:5)
  12 deep elf archers
  A flayed ghost (Depths:4)
  23 ironbound convokers
  4 bog bodies (Crypt:1)
  7 phantasmal warriors
  13 harpies
  7 necromancers
  6 wizards
  Pikel (D:5)
  19 deep elf zephyrmancers
  16 wolf spiders
  21 deep elf pyromancers
  17 lindwurms
  4 steelbarb worms
  8 orc knights
  15 manticores
  9 cyclopes
  13 fauns
  3 frost giant zombies (Depths:1)
  32 moths of wrath
  7 orc sorcerers
  A stone giant zombie (Vaults:2)
  A moth of wrath (shapeshifter) (Depths:2)
  45 ugly things
  3 human skeletons
  An iron dragon skeleton (Depths:1)
  11 merfolk sirens
  7 black mambas
  A frost giant skeleton (Vaults:2)
  26 vault sentinels
  An eye of devastation (Depths:3)
  Joseph (D:7)
  7 water nymphs
  4 elephants (Lair:4)
  2 stone giant skeletons
  14 cane toads
  4 torpor snails
  A cane toad (shapeshifter) (D:13)
  Jeremiah (D:6)
  3 hellions
  2 rime drakes
  A kobold demonologist (D:10)
  3 efreet
  9 komodo dragons
  A human zombie (Vaults:2)
  47 yaktaurs
  A swamp worm zombie (Crypt:1)
  A black draconian skeleton (Crypt:1)
  6 tengu conjurers
  A freezing wraith (Vaults:3)
  8 trolls
  A meliai (shapeshifter) (Lair:5)
  A hellwing (Depths:2)
  3 polar bears
  39 merfolk
  8 meliai
  A merfolk (shapeshifter) (Vaults:4)
  A sea snake skeleton (Crypt:1)
  12 hornets
  A raiju (shapeshifter) (D:13)
  22 tarantellas
  A raiju (Lair:5)
  2 large abominations (Lair:5)
  A spriggan zombie (Depths:1)
  4 dream sheep (Shoals:4)
  7 wind drakes
  30 blink frogs
  4 snapping turtles
  11 small abominations (Lair:5)
  A frost giant simulacrum (Depths:1)
  2 air elementals
  38 jumping spiders
  2 jumping spiders (shapeshifter) (D:14)
  19 culicivoras
  A vampire (D:14)
  A shadow (D:12)
  14 wraiths
  10 spriggans
  2 ynoxinuls (Lair:5)
  8 wyverns
  49 yaks
  7 hogs (Elf:1)
  12 water elementals
  60 redbacks
  A golden eye (shapeshifter) (D:13)
  4 basilisks
  3 steam dragons
  12 vampire mosquitoes
  2 chaos spawn (Lair:5)
  8 wargs
  A glowing shapeshifter zombie (Vaults:3)
  Duvessa (D:6)
  3 floating eyes
  An acid dragon (Zot:3)
  13 water moccasins
  A glowing shapeshifter skeleton (Crypt:1)
  A black bear (shapeshifter) (D:14)
  23 orc warriors
  3 black bears
  An ice beast (D:7)
  A sky beast (D:8)
  7 ogres
  3 boggarts (Vaults:1)
  10 centaurs
  3 wolves (Lair:2)
  A phantom (D:6)
  A lemure (D:5)
  11 bullfrogs
  2 gnoll sergeants
  A kobold brigand (D:10)
  3 scorpions
  A necrophage (Crypt:1)
  2 earth elementals (Elf:2)
  9 wights (D:8)
  Dowan (D:6)
  9 killer bees
  5 howler monkeys
  An electric eel (Lair:2)
  2 jellies
  A gnoll bouda (D:8)
  19 orc priests
  A hound (D:7)
  An iguana (D:6)
  A sleepcap (D:6)
  6 hell rats (Lair:5)
  46 orc wizards
  13 gnolls
  9 adders
  4 river rats (Sewer)
  A white imp (D:5)
  2 worms
  5 dart slugs
  95 orcs
  10 bats
  9 endoplasms
  6 giant cockroaches
  2 goblins
  7 hobgoblins
  10 jackals
  5 quokkas
  10 ball pythons
  8 frilled lizards
  A gnoll skeleton (Crypt:1)
  9 kobolds
  12 rats
  A river rat skeleton (Crypt:1)
  2 spectral weapons
  9 tentacles
2197 creatures vanquished.

Vanquished Creatures (collateral kills)
  Parghit (Depths:3)
  Saint Roka (Vaults:2)
  2 vault wardens
  An ironbound preserver (Vaults:1)
  A stone giant (Depths:3)
  2 ironbound thunderhulks
  2 yaktaur captains
  An entropy weaver (Spider:4)
  An ironbound frostheart (Vaults:1)
  An orb spider (Spider:4)
  A deep troll (Vaults:1)
  3 harpies (Vaults:2)
  A wizard (Vaults:1)
  A deep elf zephyrmancer (Elf:1)
  An ugly thing (Vaults:2)
  A vault sentinel (Vaults:1)
  3 yaktaurs (Vaults:2)
  A tarantella (Spider:4)
  A slime creature (Vaults:1)
  A redback (Spider:4)
  2 orc warriors (Vaults:2)
  2 ogres (Vaults:2)
  An orc wizard (Vaults:2)
  2 orcs (Vaults:2)
34 creatures vanquished.

Vanquished Creatures (others)
  A draconian knight (Zot:2)
  A vault warden (Vaults:5)
  A deep elf knight (Elf:1)
  2 deep elf zephyrmancers (Elf:1)
  A wind drake (Shoals:4)
  An orc wizard (Orc:2)
  A butterfly (D:14)
  2 tentacles (Shoals:4)
10 creatures vanquished.

Grand Total: 2241 creatures vanquished

Notes
Turn   | Place    | Note
-------+----------+-------------------------------------------
     0 | D:1      | Twinkles the Minotaur Berserker began the quest for the
                  | Orb.
     0 | D:1      | Reached XP level 1. HP: 19/19 MP: 0/0
   166 | D:1      | Reached XP level 2. HP: 27/27 MP: 1/1
   509 | D:1      | Reached skill level 4 in Fighting
   545 | D:1      | Reached XP level 3. HP: 30/33 MP: 2/2
   786 | D:2      | Reached ** piety under Trog
   965 | D:2      | Found a radiant altar of Vehumet.
  1004 | D:2      | Reached XP level 4. HP: 39/41 MP: 3/3
  1515 | D:3      | HP: 7/41 [orc priest/divine providence (10)]
  1518 | D:3      | Reached XP level 5. HP: 9/47 MP: 4/4
  1628 | D:3      | Reached *** piety under Trog
  1642 | D:3      | Found a glowing drain.
  1665 | Sewer    | Entered a sewer
  1723 | Sewer    | Reached skill level 5 in Axes
  1762 | Sewer    | Reached skill level 5 in Fighting
  2035 | D:3      | Found a sparkling altar of Nemelex Xobeh.
  2200 | D:3      | Reached XP level 6. HP: 56/56 MP: 5/5
  2510 | D:3      | Found a radiant altar of Vehumet.
  2880 | D:4      | Reached **** piety under Trog
  3423 | D:5      | Entered Level 5 of the Dungeon
  3561 | D:5      | Noticed Pikel
  3578 | D:5      | Killed Pikel
  3579 | D:5      | Reached skill level 6 in Fighting
  3579 | D:5      | Reached skill level 5 in Armour
  3579 | D:5      | Reached skill level 5 in Dodging
  3579 | D:5      | Reached XP level 7. HP: 41/63 MP: 6/6
  3706 | D:5      | Found a broken altar of Ashenzari.
  3855 | D:5      | Found a glowing golden altar of the Shining One.
  3942 | D:5      | Found a staircase to the Ecumenical Temple.
  4242 | D:6      | Found Ygok's Assorted Antiques.
  4251 | D:6      | Bought a scroll labelled QUSTAA BITHRUYFF for 29 gold
                  | pieces
  4251 | D:6      | Bought a scroll labelled TILYAL UBOT for 29 gold pieces
  4277 | D:6      | Reached XP level 8. HP: 71/71 MP: 7/7
  4358 | D:6      | Reached skill level 7 in Fighting
  4383 | D:6      | Noticed Duvessa
  4385 | D:6      | Noticed Dowan
  4397 | D:6      | Killed Duvessa
  4400 | D:6      | Killed Dowan
  4517 | D:6      | Noticed Jeremiah
  4530 | D:6      | Killed Jeremiah
  5095 | D:6      | Reached XP level 9. HP: 75/81 MP: 8/8
  5322 | D:7      | Reached skill level 8 in Fighting
  5465 | D:7      | Noticed Joseph
  5477 | D:7      | Killed Joseph
  5478 | D:7      | Reached skill level 9 in Fighting
  5674 | D:7      | Reached skill level 10 in Fighting
  5723 | D:7      | Found a burning altar of Makhleb.
  6092 | D:8      | Reached skill level 11 in Fighting
  6129 | D:8      | Reached skill level 10 in Axes
  6313 | D:8      | Reached skill level 12 in Fighting
  6550 | D:9      | You fall into a shaft and drop 2 floors!
  6627 | D:11     | Reached XP level 10. HP: 95/96 MP: 9/9
  6684 | D:11     | Noticed a cyclops
  6704 | D:11     | Reached skill level 13 in Fighting
  6710 | D:11     | Killed a cyclops
  6724 | D:10     | Entered Level 10 of the Dungeon
  6763 | D:10     | HP: 43/151 [poisoned by a gnoll sergeant]
  6768 | D:10     | HP: 23/102 [poisoned by a gnoll sergeant]
  6906 | D:8      | Reached skill level 14 in Fighting
  7221 | D:9      | Found a staircase to the Orcish Mines.
  7289 | D:9      | Reached skill level 15 in Fighting
  7330 | D:9      | Noticed a two-headed ogre
  7563 | D:9      | Paralysed by a hornet for 2 turns
  7709 | D:9      | Killed a two-headed ogre
  7710 | D:9      | Reached skill level 16 in Fighting
  7710 | D:9      | Reached XP level 11. HP: 94/114 MP: 10/10
  7911 | D:9      | Reached ***** piety under Trog
  8294 | D:10     | Received a gift from Trog
  8329 | D:10     | Found Beupt's General Store.
  8703 | D:10     | Reached skill level 17 in Fighting
  9315 | D:11     | Found a staircase to the Lair.
  9736 | Lair:1   | Entered Level 1 of the Lair of Beasts
  9874 | Lair:1   | Reached skill level 15 in Axes
  9996 | Lair:1   | Noticed an oklob plant
 10015 | Lair:1   | Reached skill level 18 in Fighting
 10232 | Lair:1   | Reached XP level 12. HP: 127/127 MP: 11/11
 10755 | Lair:2   | Noticed a five-headed hydra
 10763 | Lair:2   | Killed a five-headed hydra
 10850 | Lair:2   | HP: 37/128 [electric eel/bolt of electricity (8)]
 10853 | Lair:2   | HP: 18/192 [electric eel/bolt of electricity (10)]
 10859 | Lair:2   | HP: 11/192 [electric eel/bolt of electricity (5)]
 10859 | Lair:2   | HP: 4/192 [electric eel/bolt of electricity (7)]
 11081 | Lair:2   | Received a gift from Trog
 11183 | Lair:2   | Found a hole to the Spider Nest.
 11423 | Lair:2   | Noticed a death yak
 11435 | Lair:2   | Noticed a death yak
 11435 | Lair:2   | Noticed a death yak
 11436 | Lair:2   | Noticed a death yak
 11437 | Lair:2   | Noticed a death yak
 11440 | Lair:2   | Killed a death yak
 11441 | Lair:2   | Killed a death yak
 11443 | Lair:2   | Killed a death yak
 11444 | Lair:2   | Killed a death yak
 11445 | Lair:2   | Reached skill level 19 in Fighting
 11445 | Lair:2   | Killed a death yak
 11853 | Lair:3   | Noticed Rupert
 11860 | Lair:3   | Killed Rupert
 12029 | Lair:3   | Reached XP level 13. HP: 130/137 MP: 12/12
 12169 | Lair:3   | Identified the ring "Opewesuz" {Drain rF+ rCorr Dex+8 SInv}
 12344 | Lair:3   | Found a staircase to the Shoals.
 12765 | Lair:4   | Found a viscous altar of Jiyva.
 12765 | Lair:4   | Found a staircase to the Slime Pits.
 12967 | Lair:4   | Reached skill level 20 in Fighting
 13295 | Lair:4   | Received a gift from Trog
 13347 | Lair:4   | Found a dark tunnel.
 13547 | Lair:5   | Entered Level 5 of the Lair of Beasts
 13647 | Lair:5   | Reached XP level 14. HP: 149/149 MP: 13/13
 14244 | Lair:5   | Received a gift from Trog
 14522 | Lair:5   | Paralysed by a spriggan for 4 turns
 14556 | Lair:5   | Reached skill level 21 in Fighting
 14878 | Lair:5   | Found a corrupted altar of Lugonu.
 14878 | Lair:5   | Found a one-way gate to the infinite horrors of the Abyss.
 16678 | D:13     | Received a gift from Trog
 16706 | D:13     | Found a gate to the Vaults.
 16811 | D:13     | Found Bukeared's Antique Armour Boutique.
 17219 | D:14     | Identified the +6 spear of Extremism {holy, rElec rPois
                  | Str-4 Dex+5}
 17232 | D:14     | Reached XP level 15. HP: 160/160 MP: 14/14
 17242 | D:14     | Found a white marble altar of Elyvilon.
 17278 | D:14     | HP: 70/240 [centaur warrior/arrow (17)]
 17665 | D:14     | Found a bloodstained altar of Trog.
 17753 | D:14     | HP: 40/160 [boulder beetle (44)]
 17935 | Orc:1    | Entered Level 1 of the Orcish Mines
 17994 | Orc:2    | Entered Level 2 of the Orcish Mines
 18177 | Orc:2    | Reached skill level 22 in Fighting
 18580 | Orc:2    | Found Pesowept's Antique Weapon Shoppe.
 18596 | Orc:2    | Found Opeleptagec's Weapon Emporium.
 18597 | Orc:2    | Found Zeilega's Antique Armour Emporium.
 18601 | Orc:2    | Found Goptavaux's General Store.
 18643 | Orc:2    | Bought a scroll of blinking for 90 gold pieces
 18643 | Orc:2    | Bought a scroll of enchant weapon for 90 gold pieces
 18643 | Orc:2    | Bought a scroll of enchant armour for 90 gold pieces
 18649 | Orc:2    | Found a staircase to the Elven Halls.
 19077 | Orc:1    | Received a gift from Trog
 19308 | Orc:2    | Bought a jewelled chain mail for 209 gold pieces
 19308 | Orc:2    | Identified the +7 chain mail "Imnaol" {Will+} (You bought
                  | it in a shop on level 2 of the Orcish Mines)
 19890 | D:14     | Identified the ring of Qesoes {rElec MP-9 Str+6 Dex+5}
 19908 | D:14     | Reached skill level 23 in Fighting
 19948 | D:14     | Identified the +2 leather armour "Yschoych" {SInv}
 20181 | D:15     | Entered Level 15 of the Dungeon
 20281 | D:15     | Noticed Josephine
 20284 | D:15     | Reached ****** piety under Trog
 20286 | D:15     | Killed Josephine
 20430 | D:15     | Found a staircase to the Depths.
 20536 | D:15     | Noticed Jorgrun
 20542 | D:15     | Killed Jorgrun
 20543 | D:15     | Reached skill level 24 in Fighting
 20589 | D:15     | Found a bloodstained altar of Trog.
 20596 | D:15     | Reached XP level 16. HP: 158/174 MP: 6/15
 21110 | Spider:1 | Entered Level 1 of the Spider Nest
 21142 | Spider:1 | Received a gift from Trog
 21483 | Spider:1 | Identified the +3 scale mail of Vajoagog {Rampage}
 21487 | Spider:1 | Identified a scroll of acquirement
 21591 | Spider:2 | Reached skill level 1 in Evocations
 21758 | Spider:2 | Reached skill level 25 in Fighting
 22914 | Spider:3 | Received a gift from Trog
 23717 | Spider:4 | Entered Level 4 of the Spider Nest
 23933 | Spider:4 | Received a gift from Trog
 23944 | Spider:4 | Reached XP level 17. HP: 156/185 MP: 7/16
 23952 | Spider:4 | HP: 53/178 [pharaoh ant (24)]
 23954 | Spider:4 | Reached skill level 10 in Armour
 23957 | Spider:4 | HP: 45/177 [entropy weaver simulacrum (6)]
 24279 | Spider:4 | Reached skill level 5 in Evocations
 24939 | Spider:4 | Paralysed by a jorogumo for 3 turns
 24950 | Spider:4 | Received a gift from Trog
 25673 | Spider:4 | Got a gossamer rune of Zot
 25829 | Shoals:1 | Entered Level 1 of the Shoals
 25830 | Shoals:1 | Upgraded the game from 0.31-a0-620-gd1cbd99268 to
                  | 0.31-a0-626-g8143ab4f1d
 25862 | Shoals:1 | Reached skill level 10 in Dodging
 26051 | Shoals:1 | Found a white marble altar of Elyvilon.
 26514 | Shoals:2 | Reached skill level 26 in Fighting
 26738 | Shoals:2 | Received a gift from Trog
 26892 | Shoals:2 | Noticed a kraken
 26897 | Shoals:2 | Killed a kraken
 28288 | Shoals:3 | Reached XP level 18. HP: 156/198 MP: 8/17
 28700 | Shoals:3 | Noticed Donald
 28710 | Shoals:3 | Killed Donald
 28995 | Shoals:4 | Entered Level 4 of the Shoals
 29005 | Shoals:4 | Noticed Polyphemus
 29011 | Shoals:4 | Killed Polyphemus
 29696 | Shoals:4 | Received a gift from Trog
 31136 | Shoals:3 | Noticed Ilsuiw
 31156 | Shoals:4 | Reached skill level 27 in Fighting
 31185 | Shoals:4 | HP: 56/189 [merfolk javelineer/silver javelin (1)]
 31574 | Shoals:4 | Got a barnacled rune of Zot
 31972 | D:14     | Reached skill level 1 in Stealth
 32012 | Vaults:1 | Entered Level 1 of the Vaults
 32170 | Vaults:1 | Found Welud's Antique Weapon Boutique.
 32203 | Vaults:1 | Reached skill level 5 in Stealth
 32227 | Vaults:1 | Received a gift from Trog
 32458 | Vaults:1 | Reached XP level 19. HP: 109/207 MP: 9/18
 32458 | Vaults:1 | HP: 43/207 [yaktaur captain/bolt (40)]
 32903 | Vaults:1 | Found Gimit's Distillery.
 32911 | Vaults:1 | Bought a potion of curing for 42 gold pieces
 32911 | Vaults:1 | Bought a potion of curing for 42 gold pieces
 32911 | Vaults:1 | Bought a potion of might for 56 gold pieces
 32911 | Vaults:1 | Bought a potion of might for 56 gold pieces
 32911 | Vaults:1 | Bought a potion of curing for 42 gold pieces
 33154 | Vaults:1 | Reached skill level 1 in Throwing
 33182 | Vaults:1 | Found Wemidu's Jewellery Shoppe.
 33314 | Vaults:1 | Acquired 989 gold pieces
 33318 | Vaults:1 | Acquired a manual of Dodging
 33322 | Vaults:1 | Bought a ring of willpower for 500 gold pieces
 33436 | Vaults:1 | Found Xuduy's Assorted Antiques.
 33444 | Vaults:1 | Bought a scroll of fear for 88 gold pieces
 33444 | Vaults:1 | Bought 2 potions of cancellation for 352 gold pieces
 34567 | Vaults:2 | Noticed Saint Roka
 34580 | Vaults:2 | Killed Saint Roka
 34586 | Vaults:2 | Reached skill level 15 in Armour
 34947 | Vaults:2 | Reached skill level 5 in Throwing
 35085 | Vaults:2 | Received a gift from Trog
 36084 | Vaults:2 | Reached XP level 20. HP: 202/216 MP: 10/19
 36090 | Vaults:2 | Received a gift from Trog
 36879 | Vaults:3 | Noticed Margery
 36897 | Vaults:3 | Killed Margery
 36966 | Vaults:3 | Received a gift from Trog
 37243 | Vaults:3 | Reached skill level 10 in Throwing
 37258 | Vaults:3 | Found a staircase to the Crypt.
 38430 | Vaults:3 | Received a gift from Trog
 38912 | Vaults:4 | Paralysed by a sphinx for 3 turns
 38918 | Vaults:4 | Reached XP level 21. HP: 132/220 MP: 11/20
 39609 | Vaults:4 | Noticed Boris
 39626 | Vaults:4 | Killed Boris
 40086 | Vaults:4 | Identified the +0 robe "Navopnin" {Str+2}
 40232 | Vaults:4 | Acquired the amulet "Xal Xuqi" {Faith rF+ Will+ rCorr
                  | Str-5}
 40373 | Crypt:1  | Entered Level 1 of the Crypt
 40434 | Crypt:1  | Noticed an ancient lich
 40442 | Crypt:1  | Killed an ancient lich
 41432 | Crypt:2  | Noticed Mennas
 41589 | Vaults:5 | Entered Level 5 of the Vaults
 41589 | Vaults:5 | Noticed Mara
 41625 | Vaults:5 | Noticed Twinkles's illusion
 41629 | Vaults:4 | Received a gift from Trog
 41691 | Vaults:5 | Noticed Twinkles's illusion
 41698 | Vaults:4 | Reached skill level 15 in Dodging
 41806 | Vaults:5 | Identified the ring of Elullugo {Int+6 Dex+6}
 41884 | Vaults:5 | Noticed Twinkles's illusion
 41936 | Vaults:4 | Killed Mara
 42065 | Vaults:5 | Reached skill level 15 in Throwing
 42476 | Vaults:5 | Reached XP level 22. HP: 185/233 MP: 12/21
 42842 | Vaults:5 | Received a gift from Trog
 42843 | Vaults:5 | Noticed Xtahua
 42850 | Vaults:5 | Killed Xtahua
 43151 | Vaults:5 | Noticed a golden dragon
 43162 | Vaults:5 | Killed a golden dragon
 43245 | Vaults:5 | Noticed an ancient lich
 43261 | Vaults:5 | Killed an ancient lich
 43604 | Vaults:5 | Identified the +4 longbow "Pekibaus" {flame, *Corrode rElec
                  | Will- Int+3}
 44128 | Vaults:5 | Got a silver rune of Zot
 44896 | Elf:1    | Entered Level 1 of the Elven Halls
 44911 | Elf:1    | Received a gift from Trog
 45141 | Elf:1    | Noticed Agnes
 45149 | Elf:1    | Killed Agnes
 45206 | Elf:1    | Noticed Kirke
 45224 | Elf:1    | Killed Kirke
 45257 | Elf:1    | Received a gift from Trog
 45567 | Elf:1    | Noticed Frances
 45573 | Elf:1    | Killed Frances
 45675 | Elf:1    | Noticed Aizul
 45682 | Elf:1    | Killed Aizul
 45950 | Elf:2    | Paralysed by an air elemental for 1 turns
 45956 | Elf:2    | Paralysed by an air elemental for 1 turns
 46430 | Elf:2    | Received a gift from Trog
 46565 | Elf:2    | Found a runed translucent door.
 46594 | Elf:2    | Found a runed translucent door.
 47276 | Depths:1 | Entered Level 1 of the Depths
 47288 | Depths:1 | Reached skill level 10 in Evocations
 47288 | Depths:1 | Reached XP level 23. HP: 215/240 MP: 4/22
 47460 | Depths:1 | Found a shadowy altar of Dithmenos.
 47700 | Depths:1 | Found a gateway to Hell.
 47841 | Depths:1 | Found a one-way gate leading to the halls of Pandemonium.
 47899 | Depths:1 | Identified the +1 flail of Equivalence {heavy, rN++ MP+9
                  | Int+8 Dex-2}
 47941 | Depths:1 | Found a corrupted altar of Lugonu.
 48025 | Depths:1 | Found a portal to a secret trove of treasure.
 48041 | Depths:1 | Identified the +0 battleaxe of Eternal Vigilance {flame,
                  | Drain rPois rC+ Str+3} (Trog gifted it to you on level 1 of
                  | the Depths)
 48041 | Depths:1 | Received a gift from Trog
 48327 | Depths:2 | Found Miwohun's Weapon Shoppe.
 48327 | Depths:2 | Found Detadat's Armour Emporium.
 48328 | Depths:2 | Found Xog Atea's General Store.
 48330 | Depths:2 | Found Mesomn's Distillery.
 48338 | Depths:2 | Bought a potion of haste for 170 gold pieces
 48338 | Depths:2 | Bought 2 potions of heal wounds for 170 gold pieces
 48338 | Depths:2 | Bought a potion of might for 68 gold pieces
 48338 | Depths:2 | Bought a potion of mutation for 136 gold pieces
 48673 | Depths:2 | Reached skill level 10 in Stealth
 49251 | Depths:2 | Found a basalt altar of Yredelemnul.
 49258 | Depths:2 | Paralysed by a vampire knight for 2 turns
 49436 | Depths:3 | Noticed Parghit
 49571 | Depths:3 | HP: 70/240 [blizzard demon/the air (20)]
 49627 | Depths:3 | Killed Parghit
 49751 | Depths:3 | Received a gift from Trog
 49857 | Depths:3 | Found a one-way gateway to a ziggurat.
 49864 | Depths:3 | HP: 71/240 [Brimstone Fiend/damnation (38)]
 49864 | Depths:3 | Paralysed by a floating eye for 3 turns
 49869 | Depths:2 | HP: 58/360 [hellion/damnation (13)]
 50569 | Depths:3 | Paralysed by a floating eye for 2 turns
 50574 | Depths:3 | Paralysed by a floating eye for 4 turns
 51473 | Depths:3 | Noticed Sojobo
 51486 | Depths:3 | Killed Sojobo
 51664 | Depths:3 | Identified the +6 trident "Pycrywk" {holy, Str+5 Dex+2}
 51667 | Depths:3 | Identified the amulet "Hosowyedd" {Will+ Regen+}
 51875 | Depths:4 | Entered Level 4 of the Depths
 52035 | Depths:4 | Received a gift from Trog
 52226 | Depths:4 | Noticed Frederick
 52236 | Depths:4 | Killed Frederick
 52270 | Depths:4 | Noticed a juggernaut
 52283 | Depths:4 | Killed a juggernaut
 52318 | Depths:4 | Reached XP level 24. HP: 225/249 MP: 13/22
 52531 | Depths:4 | Noticed the Enchantress
 53175 | Depths:4 | Reached skill level 15 in Evocations
 53219 | Depths:4 | Found a runed translucent door.
 53253 | Depths:4 | Found a runed translucent door.
 53276 | Depths:4 | Found a runed translucent door.
 53328 | Depths:4 | Killed the Enchantress
 53358 | Depths:4 | Found a runed translucent door.
 53381 | Depths:4 | Found a runed translucent door.
 53388 | Depths:4 | Found a runed translucent door.
 53402 | Depths:4 | Found a gate to the Realm of Zot.
 53544 | Depths:4 | Received a gift from Trog
 53637 | Zot:1    | Entered Level 1 of the Realm of Zot
 53971 | Zot:1    | HP: 71/249 [green draconian][a red draconian scorcher] (5)]
 53973 | Depths:4 | HP: 34/249 [poisoned by a green draconian (poison gas)]
 54191 | Zot:1    | HP: 71/249 [red draconian/+0 vampiric halberd (4)]
 54196 | Depths:4 | HP: 64/249 [poisoned by a green draconian monk (poison
                  | gas)]
 54201 | Depths:4 | HP: 66/249 [poisoned by a green draconian monk (poison
                  | gas)]
 54482 | Zot:1    | Received a gift from Trog
 56967 | Zot:2    | Found a glowing golden altar of the Shining One.
 57002 | Zot:2    | Reached XP level 25. HP: 256/257 MP: 13/22
 57078 | Zot:2    | Found a transporter.
 57078 | Zot:2    | Noticed Goplog's ghost (master TeAE)
 57245 | Zot:2    | Found a transporter.
 57719 | Zot:2    | Received a gift from Trog
 57981 | Zot:3    | Upgraded the game from 0.31-a0-626-g8143ab4f1d to
                  | 0.31-a0-632-g766dd24fdf
 58127 | Zot:3    | Noticed an orb of fire
 58130 | Zot:3    | Killed an orb of fire
 58191 | Zot:3    | Noticed an orb of fire
 58201 | Zot:3    | Killed an orb of fire
 59661 | Zot:5    | Entered Level 5 of the Realm of Zot
 60301 | Zot:5    | Noticed an ancient lich
 60305 | Zot:5    | Killed an ancient lich
 60392 | Zot:5    | Noticed a dread lich
 60396 | Zot:5    | Noticed an ancient lich
 60397 | Zot:5    | Noticed an orb of fire
 60397 | Zot:5    | Noticed an ancient lich
 60399 | Zot:5    | Killed a dread lich
 60400 | Zot:5    | Noticed an orb of fire
 60402 | Zot:5    | Noticed an ancient lich
 60405 | Zot:5    | Killed an ancient lich
 60406 | Zot:5    | Killed an ancient lich
 60408 | Zot:5    | Gained mutation: You expend magic power (3 MP) to
                  | strengthen your wands. [an orb of fire]
 60409 | Zot:5    | Killed an orb of fire
 60409 | Zot:5    | Received a gift from Trog
 60410 | Zot:5    | Reached XP level 26. HP: 183/266 MP: 13/22
 60419 | Zot:5    | Noticed an ancient lich
 60421 | Zot:5    | Killed an orb of fire
 60423 | Zot:5    | Killed from afar by an ancient lich

Illustrated notes

Levels and vault maps discovered:
D:1:      heliophobic_arrival_ceremonial_halls, layout_loops_ring,
          grunt_decor_resistance
D:2:      layout_loops_cross, basic_altar
D:3:      layout_basic, mainiacjoe_overflow_large_starburst,
          portal_sewer_entry_a, grunt_ministairs_3
D:4:      layout_basic
D:5:      nicolae_cairo_tiling_large, layout_basic,
          nicolae_overflow_crystal_walls, mainiacjoe_overflow_paths,
          minmay_temple_entry_statues_fountains, uniq_pikel
D:6:      layout_basic, serial_shops, nicolae_shop_dealshenge, uniq_duvessa,
          uniq_jeremiah
D:7:      layout_loops_ring, makhleb_heckhound_becter, uniq_joseph
D:8:      layout_basic
D:9:      layout_roguey, david_orc_3, serial_co_window_serial,
          co_window_cross_1, co_window_corner_a, co_window_paths_a,
          co_window_corner_a, co_window_cross_1, co_window_paths_b,
          co_window_corner_a, co_window_of_opportunity_a, co_window_paths_a,
          co_window_broadway_a, co_window_broadway_b, co_window_broadway_a,
          co_window_broadway_c, glass_columns_b, glass_columns_a
D:10:     layout_loops_ring, serial_shops, shop
D:11:     layout_layer_cave, dpeg_oklobed_lair
D:12:     layout_loops_corners
D:13:     layout_irregular_city, david_vaults_4, serial_glass, glass_columns_c,
          glass_columns_b, serial_shops, shop
D:14:     evilmike_diamond_1, layout_loops_cross, lemuel_coloured_pillars_altar,
          nicolae_elyvilon_peaceful_grove
D:15:     grunt_enter_depths_snipers, layout_loops_ring, bloody_trog,
          uniq_josephine, uniq_jorgrun
Lair:1:   layout_regular_city, small_statue_intersection, disabler_island
Lair:2:   layout_regular_city, dummy_spider_entry, serial_bayou_shore_b,
          serial_bayou_shore_a
Lair:3:   layout_cave_pods, nicolae_shoals_entry_roost,
          grunt_forest_large_clearings, uniq_rupert
Lair:4:   layout_misc_corridors, slime_entry_1, nicolae_volcano_entry_vermiform,
          nicolae_quartered_pool_impasse, beast_lair_carwin_1,
          lemuel_fruit_fields
Lair:5:   hellmonk_lair_end_abyssal_woods, layout_regular_city,
          chequers_serial_rivers_large_a, grunt_megastairs_1
Shoals:1: layout_shoals, lemuel_altar_in_water
Shoals:2: cheibrodos_shoals_oceanic_diplomacy, layout_shoals,
          nicolae_shoals_land_atoll
Shoals:3: layout_shoals, uniq_ilsuiw, uniq_donald
Shoals:4: shoals_end_hangedman, layout_shoals, nicolae_shoals_wave_tunnel,
          uniq_polyphemus
Spider:1: layout_spider_delve
Spider:2: layout_spider_delve, nicolae_spider_twisty_arc_passages
Spider:3: nicolae_spider_hilbert_zone_2 [nicolae_spider_hilbert_4_sides_1_open,
          nicolae_spider_hilbert_4_sides_1_open,
          nicolae_spider_hilbert_4_sides_1_open,
          nicolae_spider_hilbert_4_sides_1_open,
          nicolae_spider_hilbert_6_sides_1_open,
          nicolae_spider_hilbert_6_sides_1_open,
          nicolae_spider_hilbert_3_sides_1_open,
          nicolae_spider_hilbert_3_sides_1_open,
          nicolae_spider_hilbert_3_sides_1_open,
          nicolae_spider_hilbert_3_sides_1_open,
          nicolae_spider_hilbert_6_sides_1_open,
          nicolae_spider_hilbert_6_sides_1_open,
          nicolae_spider_hilbert_6_sides_1_open,
          nicolae_spider_hilbert_6_sides_1_open]
Spider:4: hellmonk_spider_rune_endless_swarm, guppyfry_hornet_nest
Orc:1:    layout_diamond_mine
Orc:2:    st_orc_mages, layout_diamond_mine, rock_pile
Elf:1:    eino_elf_arrival_customs, layout_gridlike, minivault_28, uniq_agnes,
          uniq_frances, uniq_kirke, uniq_aizul
Elf:2:    elven_hall_of_blades_hangedman_original
          [nicolae_blade_entry_splitting_headache], layout_loops_cross
Vaults:1: vaults_standard_mumra_lines, nicolae_vaults_tetromino_T_1,
          nicolae_vaults_house_2, grunt_vaults_hallway_short,
          nicolae_vaults_network_quinsquares
          [nicolae_vaults_network_quincunx_subvault,
          nicolae_vaults_network_quincunx_subvault,
          nicolae_vaults_network_quincunx_subvault,
          nicolae_vaults_network_quincunx_subvault],
          ontoclasm_vaults_decontamination, vaults_room_mumra_shop_pool,
          vaults_mumra_lcd, nicolae_vaults_heart-shaped_vault,
          nicolae_vaults_stepped_doors, layout_vaults_omnigrid, serial_shops,
          shop, shop_statue, shop_statue
Vaults:2: v_rooms_5, hangedman_vaults_locks, nicolae_vaults_storage_room_doors,
          v_misc_4, v_misc_11, nicolae_vaults_network_star, v_rooms_4,
          ontoclasm_vaults_misaligned, nicolae_vaults_double_plus_1,
          nicolae_vaults_surprise_closet_hard,
          nicolae_vaults_offset_grid_hallway_4, layout_vaults_big_room,
          uniq_saint_roka
Vaults:3: vaults_room_grid, ontoclasm_vaults_eye, grunt_vaults_hallway_short,
          st_lines, minmay_crypt_entry_simple_plaza, ontoclasm_vaults_spin,
          v_misc_2, vaults_mumra_minichess_inversion, v_misc_27,
          hangedman_vaults_impose, hangedman_vaults_slither,
          vaults_room_hallway, nicolae_vaults_layer_cake_slice,
          nicolae_vaults_double_plus_1, layout_vaults_omnibox, uniq_margery
Vaults:4: vaults_dpeg_spiral, v_misc_12, hangedman_vaults_snaps, st_check,
          nicolae_vaults_closet_pinwheel_5, v_misc_24,
          nicolae_vaults_trapezoid_3, vaults_standard_mumra_x,
          nicolae_vaults_ninety_degrees, layout_vaults_omnicross, uniq_boris
Vaults:5: uniq_xtahua, uniq_mara
Crypt:1:  layout_misc_corridors, minivault_24, serial_sigils_hangedman_carve,
          nicolae_crypt_soggy_tomb, st_stairs_5, grunt_crypt_arrival_webbed
Crypt:2:  layout_gridlike, gammafunk_ghost_abyssal_escape,
          serial_sigils_hangedman_scratch, nicolae_crypt_niches, uniq_mennas
Depths:1: layout_honeycomb, pan_entry, nrook_pool_corridor,
          abyss_entry_flame_altar, grunt_mini_vestibule, enter_trove_6,
          chequers_serial_rivers_micro_e, drop_trap,
          nicolae_dithmenos_shadow_blocks
Depths:2: dreamdust_under_siege, layout_gridlike, minmay_misc_feat_diagonals,
          pf_vacation_house_of_asmodeus, grunt_pan_entry_spiral,
          minmay_shoptagon, infiniplex_staircase_zigzag_1
Depths:3: kennysheep_funnel, layout_cave_pools, enter_ziggurat_d,
          grunt_hell_entry_dis_mu, abyss_entry, minmay_fire_ice_demons,
          uniq_sojobo, uniq_parghit
Depths:4: evilmike_zot_entry_castle, layout_small_grid, serial_glass,
          glass_columns_b, glass_columns_a, glass_columns_a, glass_columns_a,
          minmay_strange_pillars, serial_bayou_pond_c, pan_entry, hell_entry,
          uniq_enchantress, uniq_frederick
Zot:1:    grunt_twist_and_shout, layout_cathedral_of_symmetry
Zot:2:    nicolae_zot_draconian_monastery, layout_basic, gammafunk_ghost_arena
Zot:3:    layout_gridlike, hangedman_zot_decor_tridents, st_large_dragon_hoard_1
Zot:4:    layout_onion, uniq_josephina
Zot:5:    layout_gridlike

Skill      XL: |  1  2  3  4  5  6  7  8  9 10 11 12 13 14 15 16 17 18 19 20 21 22 23 24 25 |
---------------+----------------------------------------------------------------------------+-----
Fighting       | 4 5 6 7 12 16 18 19 20 21 24 25 26 27 | 27.0
Axes           | 4 5 6 8 10 13 15 18 20 23 24 | 24.0
Armour         | 3 4 5 6 7 9 12 14 16 19 20 | 20.0
Dodging        | 3 5 6 9 10 12 15 20 | 20.0
Evocations     | 4 7 9 10 13 18 20 | 20.0
Stealth        | 6 8 12 | 12.0
Throwing       | 7 11 15 20 | 20.7

Action                     |  1- 3 |  4- 6 |  7- 9 | 10-12 | 13-15 | 16-18 | 19-21 | 22-24 | 25-27 || total
---------------------------+-------+-------+-------+-------+-------+-------+-------+-------+-------++-------
  Melee: Hand axe          |    83 |   182 |   135 |       |       |       |       |       |       ||   400
         Headbutt          |    15 |    29 |    48 |    57 |    86 |   125 |   162 |   265 |    76 ||   863
         Punch             |     2 |     1 |     2 |     1 |       |       |       |       |       ||     6
         Trident           |       |       |   187 |   194 |       |       |       |       |       ||   381
         Executioner's axe |       |       |       |   197 |   559 |   728 |   671 |   987 |   284 ||  3426
         Whip              |       |       |       |     5 |       |       |       |       |       ||     5
  Throw: Javelin           |       |       |       |       |       |       |       |    22 |     9 ||    31
 Invoke: Berserk           |       |     1 |     2 |     7 |    10 |     9 |     5 |     5 |     1 ||    40
         Trog's Hand       |       |       |     1 |     2 |     3 |     6 |    11 |     2 |     3 ||    28
         Brothers in Arms  |       |       |       |       |       |     5 |     3 |     9 |     3 ||    20
  Evoke: Phantom mirror    |       |       |       |       |     1 |       |       |       |       ||     1
         Wand              |       |       |       |       |       |     4 |       |     1 |       ||     5
    Use: Scroll            |       |       |     4 |     5 |    12 |    19 |    11 |    15 |     3 ||    69
         Potion            |       |       |       |       |     1 |     9 |     2 |     5 |     2 ||    19
   Stab: Sleeping          |     1 |       |       |       |       |       |     4 |     6 |       ||    11
         Distracted        |       |     1 |       |       |       |       |     2 |     7 |       ||    10
         Invisible         |       |       |       |       |       |     1 |       |       |       ||     1
         Confused          |       |       |       |       |       |       |       |     4 |       ||     4
 Armour: Animal skin       |     5 |       |       |       |       |       |       |       |       ||     5
         Ring mail         |    25 |    67 |   106 |   161 |   100 |       |       |       |       ||   459
         Scale mail        |       |       |       |       |    37 |       |       |       |       ||    37
         Plate armour      |       |       |       |       |    46 |       |       |       |       ||    46
         Chain mail        |       |       |       |       |    40 |   434 |   352 |   383 |       ||  1209
         Gold dragon scale |       |       |       |       |       |       |       |    52 |   249 ||   301
  Dodge: Dodged            |    55 |   101 |   149 |   297 |   419 |   630 |   679 |   825 |   300 ||  3455
  Block: Other             |       |       |       |       |       |   142 |   124 |    52 |       ||   318
         Reflection        |       |       |       |       |       |    13 |    14 |     4 |       ||    31

Table legend: (Time is in decaauts)
 A = Elapsed time spent in this place.
 B = Non-inter-level travel time spent in this place.
 C = Inter-level travel time spent in this place.
 D = Time resting spent in this place.
 E = Time spent auto-exploring this place.
 F = Levels seen in this place.
 G = Mean time per level.
                   A        B        C        D        E       F      G
               +--------+--------+--------+--------+--------+-----+--------+
         Total |  61570 |  55761 |   5809 |   5172 |  38271 |  49 | 1256.5 |
       Dungeon |  14643 |  12907 |   1736 |    258 |  10295 |  15 |  976.2 |
          Lair |   6329 |   5467 |    862 |    290 |   3676 |   5 | 1265.8 |
        Shoals |   6522 |   6091 |    431 |    791 |   4194 |   4 | 1630.5 |
   Spider Nest |   4691 |   4505 |    186 |    260 |   3314 |   4 | 1172.8 |
  Orcish Mines |   1629 |   1291 |    338 |     96 |    831 |   2 |  814.5 |
   Elven Halls |   2107 |   1947 |    160 |    161 |   1353 |   2 | 1053.5 |
        Vaults |  11357 |  10303 |   1054 |   1706 |   6115 |   5 | 2271.4 |
         Crypt |   1128 |   1034 |     94 |     21 |    781 |   2 |  564.0 |
        Depths |   7415 |   6684 |    731 |   1348 |   4064 |   4 | 1853.8 |
           Zot |   5335 |   5122 |    213 |    239 |   3389 |   5 | 1067.0 |
         Sewer |    409 |    409 |      0 |      0 |    255 |   1 |  409.0 |
               +--------+--------+--------+--------+--------+-----+--------+

Top non-repeatable levels by time:
Vaults:4: 2878 daAuts
Depths:4: 2429 daAuts
Vaults:2: 2371 daAuts
Shoals:4: 2178 daAuts
Depths:2: 2155 daAuts
Vaults:1: 2111 daAuts
Vaults:3: 2075 daAuts
Spider:4: 2050 daAuts
Shoals:2: 1929 daAuts
Vaults:5: 1920 daAuts
Depths:3: 1832 daAuts
Shoals:3: 1646 daAuts
   Zot:1: 1633 daAuts
  Lair:5: 1583 daAuts
    D:14: 1482 daAuts
